 Dungeon Crawl Stone Soup version 0.27.1-34-g3ba077fa99 (webtiles) character file.

Game seed: 17069546398720596667

51 alasdair19 the Shield-Bearer (level 3, -8/33 HPs)
             Began as a Minotaur Fighter on Jan 4, 2022.
             Mangled by a gnoll (11 damage)
             ... on level 2 of the Dungeon.
             The game lasted 00:02:53 (895 turns).

alasdair19 the Shield-Bearer (Minotaur Fighter)      Turns: 895, Time: 00:02:54

Health: -8/33      AC: 10    Str: 20    XL:     3   Next: 57%
Magic:  2/2        EV:  7    Int:  6    God:
Gold:   32         SH:  9    Dex:  9    Spells: 2/2 levels left

rFire    . . .     SeeInvis .   e - +0 long sword
rCold    . . .     Faith    .   c - +0 kite shield
rNeg     . . .     Spirit   .   i - +0 scale mail
rPois    .         Reflect  .   (helmet restricted)
rElec    .         Harm     .   (no cloak)
rCorr    .         Rampage  .   (no gloves)
Will     +....                  b - +2 pair of boots {Fly}
Stlth    ..........             (no amulet)
HPRegen  0.11/turn              j - ring of willpower
MPRegen  0.08/turn              (no ring)

@: mighty, flying
A: horns 2, retaliatory headbutt
a: no special abilities


You were on level 2 of the Dungeon.
You visited 1 branch of the dungeon, and saw 2 of its levels.

You collected 32 gold pieces.

Inventory:

Hand Weapons
 e - a +0 long sword (weapon)
 q - a +0 hunting sling
Armour
 b - a +2 pair of boots of flying (worn)
 c - a +0 kite shield (worn)
 i - a +0 scale mail (worn)
Jewellery
 j - a ring of willpower (left hand)
Scrolls
 a - a scroll of teleportation
 f - a scroll of brand weapon {unknown}
 h - a scroll of fog {unknown}
Potions
 g - a potion of curing {unknown}


   Skills:
 + Level 4.2 Fighting
 + Level 3.1 Long Blades
 + Level 4.0 Armour
 + Level 0.2 Dodging
 + Level 4.3 Shields


You had 2 spell levels left.
You didn't know any spells.
Your spell library was empty.

Dungeon Overview and Level Annotations

Branches:
Dungeon (2/15)

Altars:

Shops:
D:1 (


Innate Abilities, Weirdness & Mutations

You have a pair of horns on your head.
You reflexively headbutt those who attack you in melee.


Message History

Your Long Blades skill increases to level 3!
You have reached level 3!
Your experience leads to an increase in your attributes!
Increase (S)trength, (I)ntelligence, or (D)exterity?
You feel clever.
You closely miss the gnoll.
The gnoll is severely wounded.
You block the gnoll's attack. x2; The gnoll hits you but does no damage. x2
Your scale mail prevents you from hitting the gnoll.
The gnoll is severely wounded.
The gnoll completely misses you. You block the gnoll's attack.
The gnoll barely misses you. You block the gnoll's attack.
The gnoll hits you but does no damage.
You slash the gnoll!
You kill the gnoll!
You block the gnoll's attack. The gnoll barely misses you.
Your Armour skill increases to level 4!
You slash the gnoll! Your headbutt misses the gnoll.
The gnoll is heavily wounded.
You block the gnoll's attack.
The gnoll hits you from afar with a +2 halberd of freezing.
The gnoll freezes you. You block the gnoll's attack.
The gnoll hits you with a +0 club.
You hit the gnoll.
The gnoll is almost dead.
The gnoll barely misses you. The gnoll hits you but does no damage.
You hit the gnoll.
You kill the gnoll!
The gnoll hits you but does no damage. The gnoll closely misses you.
You block the gnoll's attack.
Things that are here:
a +0 club; a +0 spear You barely miss the gnoll.
The gnoll hits you with a +2 halberd of freezing!
* * * LOW HITPOINT WARNING * * *
The gnoll freezes you.
* * * LOW HITPOINT WARNING * * *
You closely miss the gnoll.
The gnoll hits you with a +2 halberd of freezing!
You die...

..##### #..##### ......#
##.....#####.# #####..#
#####.......# # #
##..##### # ##......# #
#..####.## # #####.##
...[ # .##.....## ..# #
#.......)@#...# ######
####.####g#...# .....###
.. #...g....#
####.#....###.##.....#
.....................#
....#....##......#......
#....# #.........#######
..##..#####..g...# ###
... ..$.....#


You could see a gnoll and a goblin.

Vanquished Creatures
  3 gnolls (D:2)
  2 bats (D:1)
  A giant cockroach (D:1)
  A hobgoblin (D:2)
  4 jackals (D:1)
  3 quokkas (D:1)
  4 ball pythons
  6 rats
24 creatures vanquished.

Notes
Turn   | Place    | Note
-------+----------+-------------------------------------------
     0 | D:1      | alasdair19 the Minotaur Fighter began the quest for the
                  | Orb.
     0 | D:1      | Reached XP level 1. HP: 19/19 MP: 0/0
   382 | D:1      | Found a faded altar of an unknown god.
   405 | D:1      | Found Ebiseada's Antique Weapon Emporium.
   425 | D:1      | Reached XP level 2. HP: 27/27 MP: 1/1
   609 | D:1      | Identified a scroll of acquirement
   609 | D:1      | Acquired a +2 pair of boots of flying
   887 | D:2      | Reached XP level 3. HP: 26/33 MP: 2/2
   895 | D:2      | Mangled by a gnoll

Illustrated notes

Levels and vault maps discovered:
D:1:      minmay_arrival_stair_chambers, layout_loops_cross, serial_shops, shop,
          shapermc_ecumenical_altar_totnotflames
D:2:      layout_rooms

Skill      XL: |  1  2  3 |
---------------+----------+-----
Shields        | 4 |  4.3
Fighting       | 4 |  4.2
Long Blades    | 3 |  3.1
Armour         | 4 |  4.0
Dodging        | |  0.2

Action                   || total
-------------------------++-------
Melee: Long sword        ||    52
       Headbutt          ||     7
  Use: Scroll            ||     2
       Potion            ||     1
Armor: Scale mail        ||    27
Dodge: Dodged            ||    26
Block: Kite shield       ||    39
       Rpst.: Long sword ||     3
